Canucks vs Thrashers

Created - February 4 2011 at 17:59

Goals
1 2 3 T
Canucks 0 3 0 3
Thrashers 3 0 2 5
Shots
1 2 3 T
Canucks 5 16 5 26
Thrashers 18 10 8 36

Period #1

1. Thrashers , Ryan Callahan 14 (Nik Antropov, Antoine Vermette) at 4:21
2. Thrashers , Ryan Malone 10 (Dave Bolland) at 19:00
3. Thrashers , Mike Ribeiro 16 (Brenden Morrow, Christian Ehrhoff) at 19:16

Penalties :
Duncan Keith (VAN) for Hooking (Minor) at 5:52, Ryan Callahan (ATL) for High sticking (Minor) at 9:53, Martin Hanzal (VAN) for Roughing (Minor) at 9:53, Dave Bolland (ATL) for Roughing (Minor) at 12:25, Dave Bolland (ATL) for Boarding (Minor) at 15:01

Period #2

4. Canucks , Loui Eriksson 19 (Duncan Keith, Corey Perry) at 1:46 (PP)
5. Canucks , Duncan Keith 14 (Joe Thornton, Loui Eriksson) at 15:35 (PP)
6. Canucks , David Backes 17 (Brooks Laich, Matthew Carle) at 19:22 (PP)

Penalties :
Roberto Luongo (ATL) for Slashing (Minor) at 0:48 - James Wisniewski served the penalty., Brenden Morrow (ATL) for Roughing (Minor) at 4:18, Erik Karlsson (VAN) for Interference (Minor) at 7:43, Joe Thornton (VAN) for Tripping (Minor) at 10:43, Marc Staal (ATL) for Interference (Minor) at 13:43, Roberto Luongo (ATL) for Slashing (Minor) at 14:37 - Antoine Vermette served the penalty., James Wisniewski (ATL) for Cross-checking (Minor) at 17:53

Period #3

7. Thrashers , Dave Bolland 4 (Martin Erat, Ryan Suter) at 2:09
8. Thrashers , Ryan Malone 11 (Martin Erat, Mark Giordano) at 15:00

Penalties :
Benoit Pouliot (ATL) for Fighting (Major) at 2:32, Mike Komisarek (VAN) for Fighting (Major) at 2:32, Benoit Pouliot (ATL) for instigated a fight (Game Misconduct) at 2:32, Brenden Morrow (ATL) for Tripping (Minor) at 5:28, Ryan Callahan (ATL) for Hooking (Minor) at 10:21, Dmitry Kulikov (VAN) for Tripping (Minor) at 10:21, Dmitry Kulikov (VAN) for Delaying the game (Minor) at 12:50, Joe Thornton (VAN) for Interference (Minor) at 15:47, Mark Giordano (ATL) for Delaying the game (Minor) at 18:06

Goalie Stats

Henrik Lundqvist (VAN), 31 saves from 36 shots - (0.861), L, 17-13-3, 60:00 minutes
Roberto Luongo (ATL), 23 saves from 26 shots - (0.885), W, 28-19-3, 60:00 minutes

Players Stats

Canucks
Player Name              G  A  P  +/- PIM S  H  SB FO    MP 
------------------------------------------------------------
Brandon Sutter           0  0  0   0  0   2  0  0  10/25 16 
Brooks Laich             0  1  1   0  0   7  0  0  0/0   20 
Corey Perry              0  1  1  -2  0   1  0  0  2/5   20 
David Backes             1  0  1  -2  2   4  1  0  2/3   16 
Dmitry Kulikov           0  0  0  -2  4   0  0  1  0/0   10 
Duncan Keith             1  1  2  -2  2   3  0  3  0/0   23 
Erik Karlsson            0  0  0   0  2   3  2  2  0/0   15 
Fedor Tyutin             0  0  0  -2  0   0  0  2  0/0   15 
Ian White                0  0  0  -1  0   2  1  1  0/0   23 
Jay McClement            0  0  0  -2  0   0  0  1  9/16  12 
Joe Thornton             0  1  1   0  4   0  0  2  15/22 18 
Loui Eriksson            1  1  2  -1  0   2  0  0  1/2   15 
Martin Hanzal            0  0  0  -2  2   1  1  0  5/14  15 
Matthew Carle            0  1  1  -1  0   1  1  3  0/0   22 
Mike Komisarek           0  0  0  -2  5   0  3  1  0/0   12 
Milan Lucic              0  0  0  -3  0   0  0  0  2/4   12 
Tomas Holmstrom          0  0  0  -1  0   0  0  0  0/0   10 
Valtteri Filppula        0  0  0  -2  0   0  0  0  0/1   14 
Thrashers
Player Name              G  A  P  +/- PIM S  H  SB FO    MP 
------------------------------------------------------------
Antoine Vermette         0  1  1   1  0   4  1  0  10/20 20 
Benoit Pouliot           0  0  0   0  15  0  0  0  3/7   6  
Brad Boyes               0  0  0   0  0   0  0  0  1/1   9  
Brenden Morrow           0  1  1   1  4   5  5  0  1/1   20 
Brian Rolston            0  0  0   1  0   1  0  0  0/0   13 
Christian Ehrhoff        0  1  1   1  0   0  0  2  0/0   22 
Dave Bolland             1  1  2   3  4   2  0  0  7/12  10 
James Wisniewski         0  0  0   1  2   0  1  1  0/0   21 
Marc Staal               0  0  0   1  2   0  1  0  0/0   24 
Mark Giordano            0  1  1   3  2   1  2  1  0/0   11 
Martin Erat              0  2  2   3  0   2  0  0  0/0   10 
Mike Ribeiro             1  0  1   1  0   3  0  0  10/20 13 
Nik Antropov             0  1  1   1  0   3  0  1  11/24 19 
Rene Bourque             0  0  0   0  0   5  3  0  0/1   11 
Ryan Callahan            1  0  1   1  4   2  1  0  1/1   8  
Ryan Malone              2  0  2   3  0   4  3  0  2/5   19 
Ryan Suter               0  1  1   3  0   1  1  1  0/0   17 
Sergei Gonchar           0  0  0   1  0   3  1  2  0/0   23 

3 Stars

1 - Ryan Malone (ATL)
2 - Martin Erat (ATL)
3 - Dave Bolland (ATL)

Power Play

Canucks - 3 on 10 Attempt(s) - 30.00%
Thrashers - 0 on 5 Attempt(s) - 0.00%

Penalty Kill

Canucks - 5 on 5 Attempt(s) - 100.00% - Score 0 goal in Penalty Kill
Thrashers - 7 on 10 Attempt(s) - 70.00% - Score 0 goal in Penalty Kill

Game Notes

Benoit Pouliot beats up Mike Komisarek at 2:32 of 3rd period
Benoit Pouliot ejected from game at 2:32 of 3rd period

Finance

Level 1 -- Attendance: 6000 (100.00%) -- Ticket Income $540,000.00
Level 2 -- Attendance: 4801 (96.02%) -- Ticket Income $225,647.00
Level 3 -- Attendance: 3500 (100.00%) -- Ticket Income $105,000.00
Level 4 -- Attendance: 2520 (77.54%) -- Ticket Income $50,400.00
Luxury Box -- Attendance: 1000 (100.00%) -- Ticket Income $170,000.00
Game was played at the Philips Arena
Total Attendance: 17821 (95.05%)
Total Ticket Income: $1,198,028.00
Other Income: $198,063.30
Total Income: $1,396,091.00


Play by Play

Period #1

0:01 of 1st period - Ryan Callahan wins face-off versus Joe Thornton in neutral zone.
0:18 of 1st period - Shot by Sergei Gonchar.
0:18 of 1st period - Shot Blocked by Joe Thornton.
1:09 of 1st period - Shot by Brenden Morrow.
1:09 of 1st period - Shot Blocked by Matthew Carle.
1:18 of 1st period - Brenden Morrow is hit by Matthew Carle and loses puck.
1:29 of 1st period - Shot by Mike Ribeiro.
1:29 of 1st period - Stopped by Henrik Lundqvist with a rebound.
2:42 of 1st period - Shot by Rene Bourque.
2:42 of 1st period - Shot Misses the Net.
2:46 of 1st period - Shot by Rene Bourque.
2:46 of 1st period - Shot Blocked by Joe Thornton.
2:48 of 1st period - Shot by Rene Bourque.
2:48 of 1st period - Stopped by Henrik Lundqvist with a rebound.
2:50 of 1st period - Shot by Rene Bourque.
2:50 of 1st period - Shot Misses the Net.
2:52 of 1st period - Shot by Sergei Gonchar.
2:52 of 1st period - Stopped by Henrik Lundqvist without a rebound.
2:53 of 1st period - Brandon Sutter wins face-off versus Mike Ribeiro in Canucks zone.
2:53 of 1st period - Brandon Sutter is hit by Brenden Morrow.
3:28 of 1st period - Icing by James Wisniewski.
3:29 of 1st period - Martin Hanzal wins face-off versus Mike Ribeiro in Thrashers zone.
4:13 of 1st period - Shot by Antoine Vermette.
4:13 of 1st period - Shot Blocked by Mike Komisarek.
4:15 of 1st period - Shot by Ryan Callahan.
4:15 of 1st period - Shot Misses the Net.
4:17 of 1st period - Shot by Ryan Callahan.
4:17 of 1st period - Shot Blocked by Fedor Tyutin.
4:19 of 1st period - Shot by Nik Antropov.
4:19 of 1st period - Shot Misses the Net.
4:21 of 1st period - Shot by Ryan Callahan.
4:21 of 1st period - Goal by Ryan Callahan - Canucks : 0 - Thrashers : 1.
4:22 of 1st period - Jay McClement wins face-off versus Dave Bolland in neutral zone.
4:24 of 1st period - Corey Perry is hit by Mark Giordano and loses puck.
4:39 of 1st period - Icing by Corey Perry.
4:40 of 1st period - Jay McClement wins face-off versus Benoit Pouliot in Canucks zone.
4:40 of 1st period - Jay McClement is hit by Rene Bourque.
5:24 of 1st period - Shot by Brooks Laich.
5:24 of 1st period - Stopped by Roberto Luongo without a rebound.
5:25 of 1st period - Dave Bolland wins face-off versus Martin Hanzal in Thrashers zone.
5:34 of 1st period - Shot by Ryan Malone.
5:34 of 1st period - Stopped by Henrik Lundqvist without a rebound.
5:35 of 1st period - Mike Ribeiro wins face-off versus Brandon Sutter in Canucks zone.
5:35 of 1st period - Mike Ribeiro is hit by Erik Karlsson.
5:39 of 1st period - Shot by Brenden Morrow.
5:39 of 1st period - Shot Misses the Net.
5:41 of 1st period - Shot by Christian Ehrhoff.
5:41 of 1st period - Shot Blocked by Duncan Keith.
5:45 of 1st period - Shot by Brenden Morrow.
5:45 of 1st period - Shot Blocked by Duncan Keith.
5:47 of 1st period - Shot by Mike Ribeiro.
5:47 of 1st period - Shot Misses the Net.
5:52 of 1st period - Minor Penalty to Duncan Keith for Hooking.
5:53 of 1st period - Mike Ribeiro wins face-off versus Jay McClement in Canucks zone.
6:32 of 1st period - Martin Hanzal is hit by Ryan Callahan and loses puck.
6:45 of 1st period - Shot by Ryan Callahan.
6:45 of 1st period - Deflect By Nik Antropov.
6:45 of 1st period - Shot Misses the Net.
6:47 of 1st period - Shot by Antoine Vermette.
6:47 of 1st period - Stopped by Henrik Lundqvist with a rebound.
7:44 of 1st period - Off-side.
7:45 of 1st period - Jay McClement wins face-off versus Nik Antropov in neutral zone.
7:57 of 1st period - Shot by Ryan Malone.
7:57 of 1st period - Shot Misses the Net.
8:15 of 1st period - David Backes is hit by Ryan Malone and loses puck.
8:24 of 1st period - Shot by Corey Perry.
8:24 of 1st period - Deflect By David Backes.
8:24 of 1st period - Shot Misses the Net.
8:28 of 1st period - Shot by Duncan Keith.
8:28 of 1st period - Shot Misses the Net.
8:58 of 1st period - Shot by Rene Bourque.
8:58 of 1st period - Stopped by Henrik Lundqvist without a rebound.
8:59 of 1st period - Mike Ribeiro wins face-off versus Martin Hanzal in Canucks zone.
9:37 of 1st period - James Wisniewski is hit by Mike Komisarek and loses puck.
9:53 of 1st period - Minor Penalty to Ryan Callahan for High sticking.
9:53 of 1st period - Minor Penalty to Martin Hanzal for Roughing.
9:54 of 1st period - Joe Thornton wins face-off versus Antoine Vermette in neutral zone.
10:30 of 1st period - Icing by Dmitry Kulikov.
10:31 of 1st period - Joe Thornton wins face-off versus Nik Antropov in Canucks zone.
10:42 of 1st period - Shot by Nik Antropov.
10:42 of 1st period - Stopped by Henrik Lundqvist without a rebound.
10:43 of 1st period - Milan Lucic wins face-off versus Antoine Vermette in Canucks zone.
10:54 of 1st period - Shot by Tomas Holmstrom.
10:54 of 1st period - Shot Misses the Net.
10:56 of 1st period - Shot by Ian White.
10:56 of 1st period - Stopped by Roberto Luongo without a rebound.
10:57 of 1st period - Milan Lucic wins face-off versus Ryan Malone in Thrashers zone.
11:00 of 1st period - Shot by Tomas Holmstrom.
11:00 of 1st period - Shot Misses the Net.
11:08 of 1st period - Shot by Tomas Holmstrom.
11:08 of 1st period - Shot Misses the Net.
11:18 of 1st period - Shot by Nik Antropov.
11:18 of 1st period - Stopped by Henrik Lundqvist without a rebound.
11:19 of 1st period - Joe Thornton wins face-off versus Antoine Vermette in Canucks zone.
12:08 of 1st period - Icing by Duncan Keith.
12:09 of 1st period - Brandon Sutter wins face-off versus Mike Ribeiro in Canucks zone.
12:23 of 1st period - Shot by Mike Ribeiro.
12:23 of 1st period - Stopped by Henrik Lundqvist without a rebound.
12:24 of 1st period - Joe Thornton wins face-off versus Dave Bolland in Canucks zone.
12:24 of 1st period - Joe Thornton is hit by Ryan Malone.
12:25 of 1st period - Minor Penalty to Dave Bolland for Roughing.
12:26 of 1st period - David Backes wins face-off versus Nik Antropov in Thrashers zone.
12:41 of 1st period - Shot by Matthew Carle.
12:41 of 1st period - Shot Misses the Net.
13:01 of 1st period - Shot by David Backes.
13:01 of 1st period - Stopped by Roberto Luongo with a rebound.
13:32 of 1st period - Icing by Duncan Keith.
13:33 of 1st period - Antoine Vermette wins face-off versus Joe Thornton in Canucks zone.
14:07 of 1st period - Shot by Matthew Carle.
14:07 of 1st period - Shot Misses the Net.
14:09 of 1st period - Shot by Matthew Carle.
14:09 of 1st period - Shot Misses the Net.
14:45 of 1st period - Rene Bourque is hit by Mike Komisarek and loses puck.
14:54 of 1st period - Shot by Rene Bourque.
14:54 of 1st period - Stopped by Henrik Lundqvist without a rebound.
14:55 of 1st period - Corey Perry wins face-off versus Dave Bolland in Canucks zone.
14:59 of 1st period - Dmitry Kulikov is hit by Antoine Vermette and loses puck.
15:01 of 1st period - Minor Penalty to Dave Bolland for Boarding.
15:02 of 1st period - Nik Antropov wins face-off versus Joe Thornton in Thrashers zone.
15:15 of 1st period - Shot by Antoine Vermette.
15:15 of 1st period - Stopped by Henrik Lundqvist without a rebound.
15:16 of 1st period - Antoine Vermette wins face-off versus Brandon Sutter in Canucks zone.
15:19 of 1st period - Shot by Antoine Vermette.
15:19 of 1st period - Shot Misses the Net.
15:35 of 1st period - Shot by Matthew Carle.
15:35 of 1st period - Stopped by Roberto Luongo without a rebound.
15:36 of 1st period - Nik Antropov wins face-off versus Corey Perry in Thrashers zone.
15:57 of 1st period - Shot by Duncan Keith.
15:57 of 1st period - Deflect By Joe Thornton.
15:57 of 1st period - Shot Misses the Net.
18:36 of 1st period - Icing by Mike Komisarek.
18:37 of 1st period - Mike Ribeiro wins face-off versus Valtteri Filppula in Canucks zone.
18:54 of 1st period - Shot by Brenden Morrow.
18:54 of 1st period - Stopped by Henrik Lundqvist with a rebound.
18:58 of 1st period - Shot by Brian Rolston.
18:58 of 1st period - Stopped by Henrik Lundqvist without a rebound.
18:59 of 1st period - Dave Bolland wins face-off versus Milan Lucic in Canucks zone.
19:00 of 1st period - Shot by Ryan Malone.
19:00 of 1st period - Goal by Ryan Malone - Canucks : 0 - Thrashers : 2.
19:01 of 1st period - Mike Ribeiro wins face-off versus Corey Perry in neutral zone.
19:06 of 1st period - Shot by Christian Ehrhoff.
19:06 of 1st period - Shot Blocked by Duncan Keith.
19:10 of 1st period - Shot by Brenden Morrow.
19:10 of 1st period - Shot Misses the Net.
19:12 of 1st period - Shot by Mike Ribeiro.
19:12 of 1st period - Shot Misses the Net.
19:16 of 1st period - Shot by Mike Ribeiro.
19:16 of 1st period - Goal by Mike Ribeiro - Canucks : 0 - Thrashers : 3.
19:17 of 1st period - Dave Bolland wins face-off versus Milan Lucic in neutral zone.
19:40 of 1st period - Shot by Ryan Malone.
19:40 of 1st period - Stopped by Henrik Lundqvist with a rebound.
19:46 of 1st period - Shot by Mark Giordano.
19:46 of 1st period - Shot Misses the Net.
19:50 of 1st period - Shot by Ryan Suter.
19:50 of 1st period - Stopped by Henrik Lundqvist without a rebound.
19:51 of 1st period - Brad Boyes wins face-off versus Brandon Sutter in Canucks zone.
19:58 of 1st period - Shot by Brooks Laich.
19:58 of 1st period - Stopped by Roberto Luongo without a rebound.
19:59 of 1st period - Mike Ribeiro wins face-off versus Brandon Sutter in Thrashers zone.

Period #2

0:01 of 2nd period - Joe Thornton wins face-off versus Nik Antropov in neutral zone.
0:35 of 2nd period - Shot by Ryan Callahan.
0:35 of 2nd period - Stopped by Henrik Lundqvist without a rebound.
0:36 of 2nd period - Corey Perry wins face-off versus Mike Ribeiro in Canucks zone.
0:48 of 2nd period - Shot by Brooks Laich.
0:48 of 2nd period - Stopped by Roberto Luongo without a rebound.
0:48 of 2nd period - Minor Penalty to Roberto Luongo for Slashing.
0:49 of 2nd period - David Backes wins face-off versus Nik Antropov in Thrashers zone.
0:54 of 2nd period - Shot by Matthew Carle.
0:54 of 2nd period - Shot Misses the Net.
0:56 of 2nd period - Shot by Brandon Sutter.
0:56 of 2nd period - Shot Misses the Net.
1:33 of 2nd period - Joe Thornton is hit by Ryan Suter and loses puck.
1:42 of 2nd period - Shot by Corey Perry.
1:42 of 2nd period - Shot Blocked by Christian Ehrhoff.
1:46 of 2nd period - Shot by Loui Eriksson.
1:46 of 2nd period - Goal by Loui Eriksson - Canucks : 1 - Thrashers : 3.
1:47 of 2nd period - Martin Hanzal wins face-off versus Dave Bolland in neutral zone.
2:04 of 2nd period - Shot by Martin Hanzal.
2:04 of 2nd period - Stopped by Roberto Luongo without a rebound.
2:05 of 2nd period - Mike Ribeiro wins face-off versus Jay McClement in Thrashers zone.
2:18 of 2nd period - Shot by Brenden Morrow.
2:18 of 2nd period - Stopped by Henrik Lundqvist without a rebound.
2:19 of 2nd period - Benoit Pouliot wins face-off versus Loui Eriksson in Canucks zone.
2:49 of 2nd period - Shot by Loui Eriksson.
2:49 of 2nd period - Shot Blocked by Sergei Gonchar.
3:02 of 2nd period - Brad Boyes is hit by Erik Karlsson and loses puck.
3:15 of 2nd period - Shot by Corey Perry.
3:15 of 2nd period - Stopped by Roberto Luongo without a rebound.
3:16 of 2nd period - Mike Ribeiro wins face-off versus Martin Hanzal in Thrashers zone.
3:23 of 2nd period - Shot by Brenden Morrow.
3:23 of 2nd period - Stopped by Henrik Lundqvist without a rebound.
3:24 of 2nd period - Ryan Malone wins face-off versus Jay McClement in Canucks zone.
3:55 of 2nd period - Shot by Martin Erat.
3:55 of 2nd period - Deflect By Dave Bolland.
3:55 of 2nd period - Stopped by Henrik Lundqvist with a rebound.
3:57 of 2nd period - Shot by Mark Giordano.
3:57 of 2nd period - Stopped by Henrik Lundqvist without a rebound.
3:58 of 2nd period - Mike Ribeiro wins face-off versus Martin Hanzal in Canucks zone.
4:18 of 2nd period - Minor Penalty to Brenden Morrow for Roughing.
4:19 of 2nd period - Ryan Malone wins face-off versus Brandon Sutter in Thrashers zone.
4:25 of 2nd period - Icing by Matthew Carle.
4:26 of 2nd period - Brandon Sutter wins face-off versus Nik Antropov in Canucks zone.
5:27 of 2nd period - Shot by Loui Eriksson.
5:27 of 2nd period - Shot Blocked by Sergei Gonchar.
6:23 of 2nd period - Mike Komisarek is hit by Brenden Morrow and loses puck.
7:22 of 2nd period - Off-side.
7:23 of 2nd period - Benoit Pouliot wins face-off versus Brandon Sutter in neutral zone.
7:43 of 2nd period - Minor Penalty to Erik Karlsson for Interference.
7:44 of 2nd period - Jay McClement wins face-off versus Nik Antropov in Canucks zone.
7:57 of 2nd period - Shot by Ryan Suter.
7:57 of 2nd period - Shot Misses the Net.
8:04 of 2nd period - Icing by Marc Staal.
8:05 of 2nd period - Nik Antropov wins face-off versus Jay McClement in Thrashers zone.
8:53 of 2nd period - Shot by Mike Ribeiro.
8:53 of 2nd period - Shot Misses the Net.
8:57 of 2nd period - Shot by Brenden Morrow.
8:57 of 2nd period - Stopped by Henrik Lundqvist without a rebound.
8:58 of 2nd period - Martin Hanzal wins face-off versus Mike Ribeiro in Canucks zone.
8:58 of 2nd period - Martin Hanzal is hit by Brenden Morrow.
9:21 of 2nd period - Shot by Brenden Morrow.
9:21 of 2nd period - Stopped by Henrik Lundqvist without a rebound.
9:22 of 2nd period - Nik Antropov wins face-off versus Jay McClement in Canucks zone.
9:25 of 2nd period - Shot by Sergei Gonchar.
9:25 of 2nd period - Shot Misses the Net.
9:29 of 2nd period - Shot by Ryan Callahan.
9:29 of 2nd period - Deflect By Antoine Vermette.
9:29 of 2nd period - Shot Blocked by Matthew Carle.
9:31 of 2nd period - Shot by Marc Staal.
9:31 of 2nd period - Shot Blocked by Fedor Tyutin.
9:53 of 2nd period - Shot by Brandon Sutter.
9:53 of 2nd period - Deflect By Corey Perry.
9:53 of 2nd period - Shot Misses the Net.
9:55 of 2nd period - Shot by Brooks Laich.
9:55 of 2nd period - Deflect By Brandon Sutter.
9:55 of 2nd period - Stopped by Roberto Luongo without a rebound.
9:56 of 2nd period - Joe Thornton wins face-off versus Benoit Pouliot in Thrashers zone.
9:56 of 2nd period - Loui Eriksson is hit by Sergei Gonchar and loses puck.
10:02 of 2nd period - Sergei Gonchar is hit by Ian White and loses puck.
10:11 of 2nd period - Shot by Sergei Gonchar.
10:11 of 2nd period - Stopped by Henrik Lundqvist without a rebound.
10:12 of 2nd period - Dave Bolland wins face-off versus Corey Perry in Canucks zone.
10:40 of 2nd period - Icing by Mark Giordano.
10:41 of 2nd period - Joe Thornton wins face-off versus Dave Bolland in Thrashers zone.
10:41 of 2nd period - Tomas Holmstrom is hit by Mark Giordano and loses puck.
10:43 of 2nd period - Minor Penalty to Joe Thornton for Tripping.
10:44 of 2nd period - Mike Ribeiro wins face-off versus Martin Hanzal in Canucks zone.
12:05 of 2nd period - Shot by Antoine Vermette.
12:05 of 2nd period - Shot Misses the Net.
12:09 of 2nd period - Shot by Antoine Vermette.
12:09 of 2nd period - Shot Misses the Net.
12:13 of 2nd period - Shot by Sergei Gonchar.
12:13 of 2nd period - Shot Misses the Net.
12:30 of 2nd period - Icing by James Wisniewski.
12:31 of 2nd period - Martin Hanzal wins face-off versus Mike Ribeiro in Thrashers zone.
13:10 of 2nd period - Shot by Martin Erat.
13:10 of 2nd period - Stopped by Henrik Lundqvist without a rebound.
13:11 of 2nd period - Joe Thornton wins face-off versus Benoit Pouliot in Canucks zone.
13:11 of 2nd period - Duncan Keith is hit by Rene Bourque and loses puck.
13:23 of 2nd period - Ian White is hit by Marc Staal and loses puck.
13:43 of 2nd period - Minor Penalty to Marc Staal for Interference.
13:44 of 2nd period - Brandon Sutter wins face-off versus Nik Antropov in Thrashers zone.
13:47 of 2nd period - Shot by Brooks Laich.
13:47 of 2nd period - Stopped by Roberto Luongo without a rebound.
13:48 of 2nd period - Nik Antropov wins face-off versus Brandon Sutter in Thrashers zone.
13:59 of 2nd period - Shot by Matthew Carle.
13:59 of 2nd period - Shot Misses the Net.
14:01 of 2nd period - Shot by David Backes.
14:01 of 2nd period - Shot Misses the Net.
14:03 of 2nd period - Shot by Ian White.
14:03 of 2nd period - Shot Misses the Net.
14:05 of 2nd period - Shot by David Backes.
14:05 of 2nd period - Shot Blocked by James Wisniewski.
14:09 of 2nd period - Shot by Brooks Laich.
14:09 of 2nd period - Stopped by Roberto Luongo without a rebound.
14:10 of 2nd period - Loui Eriksson wins face-off versus Antoine Vermette in Thrashers zone.
14:37 of 2nd period - Shot by Corey Perry.
14:37 of 2nd period - Deflect By Loui Eriksson.
14:37 of 2nd period - Stopped by Roberto Luongo without a rebound.
14:37 of 2nd period - Minor Penalty to Roberto Luongo for Slashing.
14:38 of 2nd period - Brenden Morrow wins face-off versus Brandon Sutter in Thrashers zone.
14:49 of 2nd period - Shot by Ian White.
14:49 of 2nd period - Shot Misses the Net.
15:31 of 2nd period - Shot by Duncan Keith.
15:31 of 2nd period - Shot Misses the Net.
15:33 of 2nd period - Shot by Duncan Keith.
15:33 of 2nd period - Shot Misses the Net.
15:35 of 2nd period - Shot by Duncan Keith.
15:35 of 2nd period - Goal by Duncan Keith - Canucks : 2 - Thrashers : 3.
15:36 of 2nd period - Nik Antropov wins face-off versus Joe Thornton in neutral zone.
15:53 of 2nd period - Shot by Duncan Keith.
15:53 of 2nd period - Shot Misses the Net.
15:55 of 2nd period - Shot by Duncan Keith.
15:55 of 2nd period - Shot Misses the Net.
15:57 of 2nd period - Shot by Duncan Keith.
15:57 of 2nd period - Stopped by Roberto Luongo without a rebound.
15:58 of 2nd period - Brandon Sutter wins face-off versus Ryan Malone in Thrashers zone.
16:01 of 2nd period - Shot by David Backes.
16:01 of 2nd period - Stopped by Roberto Luongo without a rebound.
16:02 of 2nd period - Joe Thornton wins face-off versus Nik Antropov in Thrashers zone.
16:03 of 2nd period - Shot by Erik Karlsson.
16:03 of 2nd period - Shot Blocked by Ryan Suter.
16:05 of 2nd period - Shot by Erik Karlsson.
16:05 of 2nd period - Shot Misses the Net.
16:07 of 2nd period - Shot by Duncan Keith.
16:07 of 2nd period - Shot Misses the Net.
16:09 of 2nd period - Shot by Duncan Keith.
16:09 of 2nd period - Stopped by Roberto Luongo without a rebound.
16:10 of 2nd period - Brandon Sutter wins face-off versus Nik Antropov in Thrashers zone.
16:11 of 2nd period - Shot by Ian White.
16:11 of 2nd period - Shot Blocked by Christian Ehrhoff.
16:39 of 2nd period - Shot by Brandon Sutter.
16:39 of 2nd period - Stopped by Roberto Luongo without a rebound.
16:40 of 2nd period - Jay McClement wins face-off versus Benoit Pouliot in Thrashers zone.
17:05 of 2nd period - Shot by Rene Bourque.
17:05 of 2nd period - Stopped by Henrik Lundqvist without a rebound.
17:06 of 2nd period - Dave Bolland wins face-off versus Martin Hanzal in Canucks zone.
17:06 of 2nd period - Dave Bolland is hit by Mike Komisarek.
17:53 of 2nd period - Minor Penalty to James Wisniewski for Cross-checking.
17:54 of 2nd period - Joe Thornton wins face-off versus Antoine Vermette in Thrashers zone.
18:47 of 2nd period - Shot by Ian White.
18:47 of 2nd period - Shot Blocked by Nik Antropov.
18:49 of 2nd period - Shot by Brooks Laich.
18:49 of 2nd period - Stopped by Roberto Luongo without a rebound.
18:50 of 2nd period - Brandon Sutter wins face-off versus Nik Antropov in Thrashers zone.
19:04 of 2nd period - Icing by Matthew Carle.
19:05 of 2nd period - Antoine Vermette wins face-off versus Brandon Sutter in Canucks zone.
19:12 of 2nd period - Shot by Matthew Carle.
19:12 of 2nd period - Shot Misses the Net.
19:14 of 2nd period - Shot by David Backes.
19:14 of 2nd period - Shot Misses the Net.
19:18 of 2nd period - Shot by Brooks Laich.
19:18 of 2nd period - Stopped by Roberto Luongo with a rebound.
19:22 of 2nd period - Shot by David Backes.
19:22 of 2nd period - Goal by David Backes - Canucks : 3 - Thrashers : 3.
19:23 of 2nd period - Dave Bolland wins face-off versus Jay McClement in neutral zone.
19:25 of 2nd period - Off-side.
19:26 of 2nd period - Dave Bolland wins face-off versus Jay McClement in neutral zone.
19:59 of 2nd period - Icing by Corey Perry.

Period #3

0:01 of 3rd period - Nik Antropov wins face-off versus Joe Thornton in neutral zone.
0:51 of 3rd period - Icing by Matthew Carle.
0:52 of 3rd period - Joe Thornton wins face-off versus Mike Ribeiro in Canucks zone.
0:54 of 3rd period - Loui Eriksson is hit by Brenden Morrow and loses puck.
2:09 of 3rd period - Shot by Dave Bolland.
2:09 of 3rd period - Goal by Dave Bolland - Canucks : 3 - Thrashers : 4.
2:10 of 3rd period - Benoit Pouliot wins face-off versus Martin Hanzal in neutral zone.
2:32 of 3rd period - Benoit Pouliot beats up Mike Komisarek.
2:32 of 3rd period - Penalty to Benoit Pouliot for Fighting.
2:32 of 3rd period - Penalty to Mike Komisarek for Fighting.
2:32 of 3rd period - Penalty to Benoit Pouliot for instigated a fight.
2:32 of 3rd period - Benoit Pouliot is ejected from game.
2:33 of 3rd period - Nik Antropov wins face-off versus Joe Thornton in neutral zone.
3:23 of 3rd period - Shot by Ian White.
3:23 of 3rd period - Stopped by Roberto Luongo without a rebound.
3:24 of 3rd period - Nik Antropov wins face-off versus Brandon Sutter in Thrashers zone.
3:32 of 3rd period - Icing by Brandon Sutter.
3:33 of 3rd period - Brandon Sutter wins face-off versus Ryan Malone in Canucks zone.
3:33 of 3rd period - Brandon Sutter is hit by Ryan Malone.
3:40 of 3rd period - David Backes is hit by James Wisniewski and loses puck.
3:47 of 3rd period - Shot by David Backes.
3:47 of 3rd period - Stopped by Roberto Luongo without a rebound.
3:48 of 3rd period - Joe Thornton wins face-off versus Antoine Vermette in Thrashers zone.
3:49 of 3rd period - Shot by Corey Perry.
3:49 of 3rd period - Shot Misses the Net.
4:07 of 3rd period - Shot by Erik Karlsson.
4:07 of 3rd period - Stopped by Roberto Luongo without a rebound.
4:08 of 3rd period - Nik Antropov wins face-off versus Brandon Sutter in Thrashers zone.
5:25 of 3rd period - Icing by Duncan Keith.
5:26 of 3rd period - Jay McClement wins face-off versus Mike Ribeiro in Canucks zone.
5:28 of 3rd period - Minor Penalty to Brenden Morrow for Tripping.
5:29 of 3rd period - Antoine Vermette wins face-off versus Brandon Sutter in Thrashers zone.
5:29 of 3rd period - Antoine Vermette is hit by David Backes.
6:00 of 3rd period - David Backes is hit by Rene Bourque and loses puck.
6:26 of 3rd period - Rene Bourque is hit by Martin Hanzal.
6:36 of 3rd period - Shot by Erik Karlsson.
6:36 of 3rd period - Stopped by Roberto Luongo without a rebound.
6:37 of 3rd period - Joe Thornton wins face-off versus Nik Antropov in Thrashers zone.
6:52 of 3rd period - Shot by Erik Karlsson.
6:52 of 3rd period - Stopped by Roberto Luongo without a rebound.
6:53 of 3rd period - Antoine Vermette wins face-off versus Brandon Sutter in Thrashers zone.
6:59 of 3rd period - Icing by David Backes.
7:00 of 3rd period - Antoine Vermette wins face-off versus Brandon Sutter in Canucks zone.
7:04 of 3rd period - Icing by Matthew Carle.
7:05 of 3rd period - Antoine Vermette wins face-off versus Brandon Sutter in Canucks zone.
7:06 of 3rd period - Shot by Sergei Gonchar.
7:06 of 3rd period - Shot Blocked by Matthew Carle.
7:37 of 3rd period - Shot by Mike Ribeiro.
7:37 of 3rd period - Shot Misses the Net.
7:51 of 3rd period - Shot by Brenden Morrow.
7:51 of 3rd period - Deflect By Mike Ribeiro.
7:51 of 3rd period - Shot Misses the Net.
10:10 of 3rd period - Shot by Antoine Vermette.
10:10 of 3rd period - Shot Misses the Net.
10:21 of 3rd period - Minor Penalty to Ryan Callahan for Hooking.
10:21 of 3rd period - Minor Penalty to Dmitry Kulikov for Tripping.
10:22 of 3rd period - Antoine Vermette wins face-off versus Martin Hanzal in Canucks zone.
10:23 of 3rd period - Shot by Sergei Gonchar.
10:23 of 3rd period - Shot Blocked by Ian White.
10:27 of 3rd period - Shot by Antoine Vermette.
10:27 of 3rd period - Stopped by Henrik Lundqvist without a rebound.
10:28 of 3rd period - Martin Hanzal wins face-off versus Antoine Vermette in Canucks zone.
10:48 of 3rd period - Shot by Nik Antropov.
10:48 of 3rd period - Shot Misses the Net.
10:52 of 3rd period - Shot by Antoine Vermette.
10:52 of 3rd period - Stopped by Henrik Lundqvist with a rebound.
10:54 of 3rd period - Shot by Marc Staal.
10:54 of 3rd period - Shot Misses the Net.
11:20 of 3rd period - Shot by Ryan Malone.
11:20 of 3rd period - Shot Blocked by Erik Karlsson.
11:25 of 3rd period - Shot by Rene Bourque.
11:25 of 3rd period - Stopped by Henrik Lundqvist without a rebound.
11:26 of 3rd period - Joe Thornton wins face-off versus Antoine Vermette in Canucks zone.
12:25 of 3rd period - Shot by Martin Hanzal.
12:25 of 3rd period - Shot Blocked by Mark Giordano.
12:35 of 3rd period - Shot by Rene Bourque.
12:35 of 3rd period - Shot Blocked by Jay McClement.
12:39 of 3rd period - Shot by Dave Bolland.
12:39 of 3rd period - Shot Misses the Net.
12:41 of 3rd period - Shot by Dave Bolland.
12:41 of 3rd period - Shot Blocked by Dmitry Kulikov.
12:43 of 3rd period - Shot by Rene Bourque.
12:43 of 3rd period - Deflect By Dave Bolland.
12:43 of 3rd period - Shot Misses the Net.
12:45 of 3rd period - Shot by Rene Bourque.
12:45 of 3rd period - Shot Misses the Net.
12:50 of 3rd period - Minor Penalty to Dmitry Kulikov for Delaying the game.
12:51 of 3rd period - Nik Antropov wins face-off versus Martin Hanzal in Canucks zone.
14:48 of 3rd period - Shot by Martin Erat.
14:48 of 3rd period - Stopped by Henrik Lundqvist with a rebound.
14:52 of 3rd period - Shot by Martin Erat.
14:52 of 3rd period - Shot Misses the Net.
15:00 of 3rd period - Shot by Ryan Malone.
15:00 of 3rd period - Goal by Ryan Malone - Canucks : 3 - Thrashers : 5.
15:01 of 3rd period - Brandon Sutter wins face-off versus Mike Ribeiro in neutral zone.
15:28 of 3rd period - Shot by Corey Perry.
15:28 of 3rd period - Shot Misses the Net.
15:47 of 3rd period - Minor Penalty to Joe Thornton for Interference.
15:48 of 3rd period - Jay McClement wins face-off versus Nik Antropov in Canucks zone.
16:15 of 3rd period - Shot by Ryan Callahan.
16:15 of 3rd period - Shot Misses the Net.
16:17 of 3rd period - Shot by Nik Antropov.
16:17 of 3rd period - Stopped by Henrik Lundqvist without a rebound.
16:18 of 3rd period - Jay McClement wins face-off versus Rene Bourque in Canucks zone.
17:20 of 3rd period - Shot by Sergei Gonchar.
17:20 of 3rd period - Stopped by Henrik Lundqvist without a rebound.
17:21 of 3rd period - Jay McClement wins face-off versus Mike Ribeiro in Canucks zone.
17:21 of 3rd period - Jay McClement is hit by Brenden Morrow.
17:55 of 3rd period - Shot by Dave Bolland.
17:55 of 3rd period - Shot Blocked by Erik Karlsson.
18:06 of 3rd period - Minor Penalty to Mark Giordano for Delaying the game.
18:07 of 3rd period - Antoine Vermette wins face-off versus Joe Thornton in Thrashers zone.
18:15 of 3rd period - Off-side.
18:16 of 3rd period - Joe Thornton wins face-off versus Antoine Vermette in neutral zone.
19:41 of 3rd period - Icing by David Backes.
19:42 of 3rd period - Brandon Sutter wins face-off versus Antoine Vermette in Canucks zone.
19:55 of 3rd period - Icing by Brooks Laich.
19:56 of 3rd period - Antoine Vermette wins face-off versus David Backes in Canucks zone.


Output by the SimonT Hockey Simulator (STHS) for Stephane Roy -- Original Page W3C XHTML 1.0 Valid